[Event "Team 45 45 League T55"]
[Site "Internet Chess Club"]
[Date "2012.12.15"]
[Round "5"]
[White "oldsj"]
[Black "g8wrb"]
[Result "1-0"]
[WhiteElo "1680"]
[BlackElo "1331"]
[Opening "French: exchange variation"]
[ECO "C01"]
[Time "15:00:44"]
[TimeControl "2700+45"]

1. e4 e6 2. d4 d5 3. exd5 exd5 4. c4 Nf6 5. Nc3 Nc6 6. Nf3 Bb4 7. a3 Be7 8. cxd5
Nxd5 9. Bc4 Nb6 10. Ba2 O-O 11. O-O Bg4 12. d5 Ne5 13. Kh1 Nxf3 14. gxf3 Bh5 15.
Rg1 Qd6 16. Ne4 Qe5 17. Ng3 Rad8 18. Nxh5 Qxh5 19. Bf4 c6 20. Qd4 Qxf3+ 21. Rg2
g6 22. d6 Rfe8 23. Rg1 Bf8 24. Qd2 Re2 25. Qd4 Bg7 26. Qb4 Rxb2 27. Bxf7+ Kxf7
28. Qe1 Re2 29. Qc1 Rxf2 30. Qe1 Re2 31. Qxe2 Qxe2 32. Rxe2 Nd5 33. Bg3 Bf6 34.
Rf1 Kg7 35. Ref2 Rd7 36. Re1 Kf7 37. Be5 g5 38. Rxf6+ Nxf6 39. Rf1 Ke6 40. Bxf6
Kxd6 41. Bxg5 c5 42. Rd1+ Kc6 43. Rxd7 Kxd7 44. Kg2 b5 45. Be3 Kd6 46. Kf3 a5
47. Ke4 b4 48. axb4 axb4 49. Bd2 Ke6 50. Be3 Kd6 51. Kd3 Kd5 52. h4 h5 53. Bf2
b3 54. Kc3 c4 55. Be3 Ke4 56. Bc1 Kd5 57. Ba3 Ke4 58. Kxc4 Kf5 59. Kxb3 Kg6 60.
Be7 Kf5 61. Kc3 Kg6 62. Kd4 Kf7 63. Bg5 Ke6 64. Ke4 Kf7 65. Kf5 Kg7 66. Bf4 Kh7
67. Kg5 Kg7 68. Be5+ Kh7 69. Kxh5 Kg8 70. Kg6 Kf8 71. h5 Kg8 72. h6 {Black
resigns} 1-0

[Event "Team 45 45 League T55"]
[Site "Internet Chess Club"]
[Date "2012.12.17"]
[Round "5"]
[White "Andressa"]
[Black "Tjet"]
[Result "1-0"]
[WhiteElo "1437"]
[BlackElo "1467"]
[Opening "Bird's opening"]
[ECO "A03"]
[Time "18:01:05"]
[TimeControl "2700+45"]

1. f4 d5 2. Nf3 g6 3. d3 Bg7 4. g3 Nf6 5. Bg2 O-O 6. O-O c6 7. Re1 e6 8. Nbd2
Nh5 9. e4 dxe4 10. Nxe4 Nf6 11. Rb1 Nxe4 12. dxe4 Qxd1 13. Rxd1 Na6 14. c3 Re8
15. e5 Bf8 16. Be3 Bc5 17. Bxc5 Nxc5 18. Rd4 Nd7 19. Rbd1 Re7 20. Bh3 c5 21. Rd6
Nb6 22. Rd8+ Kg7 23. Ng5 h6 24. Ne4 Rd7 25. Nxc5 Rxd1+ 26. Rxd1 Nd5 27. Rd3 b6
28. Ne4 Ba6 29. Rd4 Rc8 30. Nd6 Rc5 31. c4 Nb4 32. a3 Nc6 33. Re4 Ra5 34. b4
Rxa3 35. b5 Bxb5 36. Nxb5 Ra1+ 37. Bf1 a6 38. Nd6 a5 39. Nb5 a4 40. Re3 Na5 41.
Ra3 Rxa3 42. Nxa3 Nb3 43. Kf2 Kf8 44. Ke3 Ke7 45. Kd3 Kd7 46. Kc3 Nc5 47. Kb4
Na6+ 48. Kxa4 Nc7 49. Nb5 Na6 50. Nd6 Nc5+ 51. Kb5 Ke7 52. Kxb6 Nd7+ 53. Kc7 Nc5
54. Kc6 Nd7 55. c5 {Black forfeits on time} 1-0

[Event "Team 45 45 League T55"]
[Site "Internet Chess Club"]
[Date "2012.12.18"]
[Round "5"]
[White "stanbeers"]
[Black "nuvi78"]
[Result "1-0"]
[WhiteElo "1423"]
[BlackElo "1230"]
[Opening "QGA: 3.e4"]
[ECO "D20"]
[Time "13:05:38"]
[TimeControl "2700+45"]

1. d4 d5 2. c4 dxc4 3. e4 e6 4. Bxc4 c5 5. Ne2 cxd4 6. Nxd4 Bc5 7. Be3 a6 8. Nc3
b5 9. Bb3 b4 10. Nce2 e5 11. Bxf7+ Kxf7 12. Qb3+ Ke8 13. Nf5 Bxe3 14. Nxe3 a5
15. O-O Nf6 16. Ng3 Bb7 17. Rad1 Qb6 18. Nef5 Nxe4 19. Nxe4 Bxe4 20. Nd6+ Kd8
21. Nc4+ Qd4 22. Rxd4+ exd4 23. Rd1 Nc6 24. Qg3 Kc8 25. Qg4+ Kb7 26. Qxe4 Rae8
27. Nd6+ Ka8 28. Nxe8 a4 29. Qxc6+ {Black resigns} 1-0

[Event "Team 45 45 League T55"]
[Site "Internet Chess Club"]
[Date "2012.12.17"]
[Round "5"]
[White "Andaluz"]
[Black "wekabird"]
[Result "1-0"]
[WhiteElo "1101"]
[BlackElo "1143"]
[Opening "Caro-Kann: classical variation"]
[ECO "B18"]
[Time "16:00:40"]
[TimeControl "2700+45"]

1. e4 c6 2. d4 d5 3. Nc3 dxe4 4. Nxe4 Bf5 5. Ng3 Bg6 6. Nf3 h6 7. c3 e6 8. Qb3
b5 9. Ne5 a6 10. Nxg6 fxg6 11. Qxe6+ Qe7 12. Qxe7+ Nxe7 13. Bd3 Nd7 14. Ne4 Nf5
15. Bf4 O-O-O 16. O-O-O Nf6 17. Nxf6 gxf6 18. Bxf5+ gxf5 19. Rhe1 h5 20. Re6 Kb7
21. Rde1 Bh6 22. Bxh6 Rxh6 23. Re7+ Kc8 24. R1e6 Rhh8 25. Rxc6+ Kb8 26. Rxf6
Rhe8 27. Rff7 Rxe7 28. Rxe7 Kc8 29. Kd2 Rg8 30. g3 Rg6 31. Rf7 f4 32. Rxf4 Kc7
33. h4 Kb6 34. b4 a5 35. a3 axb4 36. axb4 Kc6 37. Rf5 Rh6 38. Rc5+ Kb6 39. Kd3
Rf6 40. Ke3 Re6+ 41. Re5 Rh6 42. f4 Rg6 43. Rg5 Re6+ 44. Re5 Rh6 45. Ke4 Rg6 46.
Kf3 Rc6 47. Rc5 Rh6 48. f5 Rf6 49. Kf4 Rh6 50. Kg5 Rh8 51. d5 Rg8+ 52. Kf4 Rg4+
53. Kf3 Rg8 54. Rc6+ Kb7 55. f6 Rd8 56. Ke4 Re8+ 57. Re6 Rc8 58. Rc6 Re8+ 59.
Re6 Rg8 60. Kf4 Rg4+ 61. Kf3 Rc4 62. Rc6 Rg4 63. f7 {Black resigns} 1-0

[Event "Team 45 45 League T55"]
[Site "Internet Chess Club"]
[Date "2012.12.19"]
[Round "5"]
[White "Dracoac"]
[Black "Chess-Dream"]
[Result "1-0"]
[WhiteElo "1794"]
[BlackElo "2079"]
[Opening "Queen's pawn game, Darooha variation "]
[ECO "D11"]
[Time "18:41:21"]
[TimeControl "2700+45"]

1. Nf3 d5 2. d4 Nf6 3. c4 c6 4. Qb3 dxc4 5. Qxc4 Bg4 6. Nc3 Nbd7 7. e4 Bxf3 8.
gxf3 e5 9. d5 Rc8 10. Qb3 Qb6 11. Bc4 Qxb3 12. axb3 Bc5 13. Ke2 O-O 14. Be3 Bxe3
15. fxe3 a6 16. dxc6 Rxc6 17. Nd5 Nxd5 18. exd5 Rc5 19. Rac1 b5 20. Bd3 Rxd5 21.
Rc6 Nb8 22. Rb6 Rfd8 23. Rd1 g6 24. h4 h5 25. Bc2 Rxd1 26. Bxd1 Kf8 27. Bc2 Rc8
28. Kd2 Ke7 29. Be4 Kd8 30. Bd5 Ke7 31. Rb7+ Nd7 32. Bxf7 Kxf7 33. Rxd7+ Ke6 34.
Rd3 Rf8 35. Ke2 Rc8 36. Kd2 Rc6 37. Rc3 Rd6+ 38. Ke2 Rb6 39. b4 Rd6 40. Rc5 Rd5
41. Rc6+ Rd6 42. Rxd6+ Kxd6 43. e4 Ke6 44. Ke3 Kf6 45. f4 Ke6 46. fxe5 Kxe5 47.
Kf3 Kf6 48. Kf4 Ke6 49. Kg5 Ke5 50. Kxg6 Kxe4 51. Kxh5 Kf5 52. Kh6 Kf6 53. h5
Kf7 54. Kg5 Kg7 55. h6+ Kh7 56. Kh5 {Black resigns} 1-0

[Event "Team 45 45 League T55"]
[Site "Internet Chess Club"]
[Date "2012.12.15"]
[Round "5"]
[White "WillC"]
[Black "SolaFide"]
[Result "0-1"]
[WhiteElo "1822"]
[BlackElo "1846"]
[Opening "Modern defense"]
[ECO "A40"]
[Time "18:30:30"]
[TimeControl "2700+45"]

1. d4 g6 2. Nf3 Bg7 3. e3 d6 4. Be2 Nd7 5. c3 e5 6. dxe5 dxe5 7. e4 Ngf6 8. Qc2
O-O 9. Bg5 Re8 10. Nbd2 b6 11. Rd1 h6 12. Bh4 g5 13. Bg3 Nh5 14. Nc4 Bb7 15.
Bxe5 Qe7 16. Bxg7 Bxe4 17. Qd2 Bxf3 18. gxf3 Nxg7 19. Ne3 Ne5 20. Rg1 Rad8 21.
Qc2 Rxd1+ 22. Qxd1 Ne6 23. h4 Nf4 24. hxg5 hxg5 25. Kf1 Rd8 26. Qc2 Qf6 27. Rh1
Nxe2 28. Qxe2 Nxf3 29. Ng4 Qf4 30. Nh6+ Kg7 31. Qc2 Nd2+ 32. Kg2 Qf3+ 33. Kg1
Ne4 34. Nxf7 Rd1+ {White resigns} 0-1

[Event "Team 45 45 League T55"]
[Site "Internet Chess Club"]
[Date "2012.12.15"]
[Round "5"]
[White "CzwartyWymiar"]
[Black "Packerfan"]
[Result "1-0"]
[WhiteElo "1826"]
[BlackElo "1793"]
[Opening "KGA: bishop's gambit, Bogolyubov variation"]
[ECO "C29"]
[Time "10:00:43"]
[TimeControl "2700+45"]

1. Nc3 Nf6 2. e4 e5 3. f4 exf4 4. Bc4 d6 5. d4 Be7 6. Bxf4 O-O 7. Nf3 b6 8. Qe2
Bb7 9. O-O Nc6 10. Rad1 Qc8 11. e5 dxe5 12. Nxe5 Nxe5 13. Bxe5 Qd7 14. Rd3 a6
15. Rg3 Kh8 16. Ne4 Bxe4 17. Qxe4 Nxe4 18. Bxg7+ Kg8 19. Bxf8+ Kxf8 20. Rxf7+
Ke8 21. Rg8+ Bf8 22. Rgxf8# {Black checkmated} 1-0

[Event "Team 45 45 League T55"]
[Site "Internet Chess Club"]
[Date "2012.12.14"]
[Round "5"]
[White "Innes"]
[Black "razorbackchess4"]
[Result "0-1"]
[WhiteElo "1788"]
[BlackElo "1721"]
[Opening "Sicilian: Alapin's variation (2.c3)"]
[ECO "B22"]
[Time "17:10:24"]
[TimeControl "2700+45"]

1. e4 c5 2. c3 d5 3. exd5 Qxd5 4. d4 Nc6 5. Nf3 Bg4 6. Nbd2 cxd4 7. Bc4 Qh5 8.
Qb3 Bc8 9. cxd4 e6 10. O-O Nf6 11. Re1 Be7 12. Nf1 O-O 13. Ng3 Qa5 14. h3 Nxd4
15. Qd1 Nxf3+ 16. gxf3 b5 17. Bb3 Bb7 18. Qe2 Bxf3 19. Qe3 Bd5 20. Bd2 Qc7 21.
Rac1 Qb7 22. Bxd5 Nxd5 23. Qf3 Rac8 24. Bc3 Qb6 25. Rcd1 Nxc3 26. bxc3 Rfd8 27.
Nh5 g6 28. Ng3 Rxd1 29. Rxd1 Qc6 30. Qxc6 Rxc6 31. Rd7 Bf6 32. Ne4 Kg7 33. Rxa7
h6 34. Kg2 Bxc3 35. Rb7 b4 36. Rd7 Be5 37. Rb7 Rc4 38. Kf3 g5 39. Ke3 Kg6 40.
Kd3 Rd4+ 41. Ke3 f5 42. Nc5 Rh4 43. Ke2 Bd4 44. Nd3 Bc3 45. Rb6 Rxh3 46. Rxe6+
Kh5 47. Rb6 Rh4 48. Rb5 Re4+ 49. Kf1 Kg4 50. Kg2 Re2 51. Nxb4 Bd4 52. Nd3 f4 53.
Kf1 Rxa2 54. Rd5 Bg7 55. Kg2 h5 56. Ne5+ Bxe5 57. Rxe5 h4 58. Re1 h3+ 59. Kg1
Kf3 60. Rb1 h2+ 61. Kxh2 Rxf2+ 62. Kg1 Re2 63. Kf1 g4 64. Rb3+ Re3 65. Rb2 g3
66. Rc2 g2+ 67. Rxg2 Re1+ 68. Kxe1 Kxg2 69. Ke2 f3+ 70. Kd3 f2 71. Ke4 f1=Q 72.
Kd5 Qf5+ 73. Kd4 Kf3 74. Kc4 Qd7 75. Kc5 Ke4 76. Kc4 Qd5+ 77. Kc3 Qc5+ 78. Kd2
Qe3+ 79. Kc2 Kd4 80. Kb2 Kc4 81. Kc2 Qd3+ 82. Kb2 Qc3+ 83. Kb1 Qd2 84. Ka1 Kb3
85. Kb1 Qb2# {White checkmated} 0-1

[Event "Team 45 45 League T55"]
[Site "Internet Chess Club"]
[Date "2012.12.19"]
[Round "5"]
[White "creditordebit"]
[Black "DarkFlow"]
[Result "1-0"]
[WhiteElo "1837"]
[BlackElo "1837"]
[Opening "Ruy Lopez: open (Tarrasch) defense"]
[ECO "C80"]
[Time "14:03:19"]
[TimeControl "2700+45"]

1. e4 e5 2. Nf3 Nc6 3. Bb5 a6 4. Ba4 Nf6 5. O-O Nxe4 6. Re1 Nc5 7. Bxc6 dxc6 8.
Nxe5 Be7 9. d4 Ne6 10. c3 O-O 11. Be3 f6 12. Nd3 Re8 13. Nd2 b6 14. Qh5 a5 15.
Ne4 Ba6 16. Nf4 Bd6 17. Qg4 Bxf4 18. Bxf4 Nxf4 19. Qxf4 Qd7 20. Re3 Re6 21. Rae1
Rae8 22. Qg4 Rd8 23. f4 Qf7 24. f5 Ree8 25. Nxf6+ {Black resigns} 1-0

[Event "Team 45 45 League T55"]
[Site "Internet Chess Club"]
[Date "2012.12.13"]
[Round "5"]
[White "Constrictor"]
[Black "fishhead"]
[Result "0-1"]
[WhiteElo "1691"]
[BlackElo "1840"]
[Opening "King's Indian: Smyslov system"]
[ECO "E61"]
[Time "20:00:30"]
[TimeControl "2700+45"]

1. Nf3 Nf6 2. d4 g6 3. c4 Bg7 4. Nc3 d6 5. Bg5 h6 6. Bh4 Bf5 7. e3 Nc6 8. Be2
O-O 9. O-O g5 10. Bg3 Bg6 11. d5 Nb4 12. a3 Na6 13. Rc1 Nh5 14. Nd4 Nxg3 15.
hxg3 Qd7 16. Bd3 Bxd3 17. Qxd3 Nc5 18. Qc2 e5 19. Nf5 a5 20. Nxg7 Kxg7 21. Ne4
Nxe4 22. Qxe4 f5 23. Qc2 a4 24. Qc3 Kg6 25. c5 Ra6 26. Qb4 b6 27. c6 Qf7 28. e4
fxe4 29. Qxe4+ Qf5 30. Rfe1 Ra5 31. Qxf5+ Kxf5 32. Rcd1 Rb5 33. Rd2 Ra8 34. f3
Raa5 35. Red1 g4 36. Kf2 h5 37. Ke2 e4 38. f4 Rb3 39. Kf1 Rxg3 40. Kf2 Rb3 41.
Re1 g3+ 42. Kf1 Kxf4 43. Rd4 Rxb2 44. Rexe4+ Kf5 45. Rf4+ Kg5 46. Rf7 Rc5 47.
Rd1 Rf2+ 48. Rxf2 gxf2 49. Kxf2 Rc3 50. Re1 Kf6 51. Re8 Rxa3 52. Rc8 Rc3 53.
Rxc7 Ke5 54. Ra7 Kxd5 55. Rxa4 Kxc6 56. Rh4 Rc5 57. Ke3 Re5+ 58. Kd4 Rg5 59. Kc4
Rg4+ 60. Rxg4 hxg4 61. Kd4 b5 62. Ke4 Kc5 63. Kf4 b4 64. Kxg4 b3 65. Kh5 b2
{White resigns} 0-1

[Event "Team 45 45 League T55"]
[Site "Internet Chess Club"]
[Date "2012.12.21"]
[Round "5"]
[White "prapad"]
[Black "ghostfire"]
[Result "0-1"]
[WhiteElo "1649"]
[BlackElo "1731"]
[Opening "Sicilian: Smith-Morra gambit"]
[ECO "B21"]
[Time "22:00:07"]
[TimeControl "2700+45"]

1. e4 c5 2. d4 cxd4 3. c3 dxc3 4. Nxc3 Nc6 5. Bc4 e6 6. Nf3 a6 7. O-O h6 8. Qe2
Nge7 9. Rd1 Ng6 10. e5 Qc7 11. Be3 Ncxe5 12. Bb3 Nxf3+ 13. Qxf3 Bd6 14. h3 O-O
15. Rac1 Qb8 16. Ne4 Be7 17. Nc5 d5 18. Na4 Bd8 19. Bc2 b5 20. Nc5 Ne5 21. Qe2
Nc4 22. Bd4 e5 23. Bc3 d4 24. b3 Nb6 25. Bb2 Bg5 26. Rb1 Nd7 27. b4 Nxc5 28.
bxc5 Be7 29. Be4 Ra7 30. Rbc1 Rc7 31. c6 Be6 32. Qh5 f5 33. Bf3 e4 34. Be2 d3
35. Qg6 Bf6 36. Bh5 Qc8 37. Bxf6 Rxf6 38. Qe8+ Qxe8 39. Bxe8 Bd5 40. Rc5 Bxa2
41. Ra1 Bc4 42. Rxa6 d2 43. Bh5 f4 44. Bd1 e3 45. Ra8+ Rf8 46. Rxf8+ Kxf8 47.
Rf5+ Kg8 48. Re5 e2 49. Re8+ Kf7 {White resigns} 0-1

[Event "Team 45 45 League T55"]
[Site "Internet Chess Club"]
[Date "2012.12.14"]
[Round "5"]
[White "Moondog"]
[Black "jps7"]
[Result "1-0"]
[WhiteElo "1687"]
[BlackElo "1652"]
[Opening "Queen's gambit declined"]
[ECO "D30"]
[Time "20:00:17"]
[TimeControl "2700+45"]

1. d4 d5 2. c4 e6 3. g3 b6 4. Bg2 Bb7 5. Nc3 Nf6 6. Nf3 Nbd7 7. O-O Be7 8. Bf4
a6 9. cxd5 exd5 10. Rc1 c6 11. Re1 O-O 12. e4 dxe4 13. Ng5 Nd5 14. Nxd5 Bxg5 15.
Bxg5 Qxg5 16. Nc3 f5 17. f3 e3 18. f4 Qe7 19. Qd3 Rae8 20. d5 Nc5 21. Qd4 Qf6
22. Qxf6 Rxf6 23. dxc6 Bxc6 24. Bxc6 Rxc6 25. Rcd1 Rce6 26. b4 Nb7 27. Rd3 Nd6
28. Nd5 Rb8 29. Rdxe3 Rxe3 30. Rxe3 Ne4 31. Ne7+ Kf8 32. Nxf5 Nf6 33. Re6 Nd5
34. a3 g6 35. Nd6 Nc7 36. Re5 Rd8 37. Nc4 b5 38. Ne3 Kf7 39. Rc5 Rd7 40. Kf2 Ke7
41. Rxc7 Rxc7 42. Nd5+ Kd7 43. Nxc7 Kxc7 44. Ke3 Kd6 45. Kd4 h6 46. g4 h5 47. h3
h4 48. f5 g5 49. Ke4 Ke7 50. Ke5 Kf7 51. f6 Kf8 52. Kf5 Kf7 53. Kxg5 Kf8 54. Kg6
Kg8 55. f7+ Kf8 56. Kf6 a5 57. bxa5 b4 58. a6 bxa3 59. a7 a2 60. a8=Q# {Black
checkmated} 1-0

[Event "Team 45 45 League T55"]
[Site "Internet Chess Club"]
[Date "2012.12.14"]
[Round "5"]
[White "cesaralexander"]
[Black "HomerSimpson"]
[Result "1-0"]
[WhiteElo "1934"]
[BlackElo "2052"]
[Opening "Queen's Indian accelerated"]
[ECO "A50"]
[Time "21:51:51"]
[TimeControl "2700+45"]

1. d4 Nf6 2. c4 b6 3. Nc3 Bb7 4. f3 c5 5. d5 g6 6. e4 d6 7. Qc2 Bg7 8. b3 O-O 9.
Bb2 e5 10. Be2 Nh5 11. Nh3 f5 12. exf5 gxf5 13. O-O-O Na6 14. g4 fxg4 15. fxg4
Nf4 16. Nxf4 Rxf4 17. Rdf1 Nb4 18. Qd1 Qg5 19. Rxf4 Qxf4+ 20. Qd2 Bh6 21. Qxf4
Bxf4+ 22. Kd1 Kf7 23. a3 Na6 24. Ne4 Ke7 25. Bc1 Rf8 26. Rf1 Bxh2 27. Rh1 Bf4
28. Rxh7+ Rf7 29. Rxf7+ Kxf7 30. Nxd6+ Ke7 31. Nxb7 Kd7 32. Bxf4 exf4 33. Bf3
Nc7 34. Ke2 Ne8 35. b4 cxb4 36. axb4 Kc7 37. d6+ Nxd6 38. Nxd6 Kxd6 39. Kd3 a5
40. bxa5 bxa5 41. g5 a4 42. g6 Ke7 43. c5 {Black resigns} 1-0

[Event "Team 45 45 League T55"]
[Site "Internet Chess Club"]
[Date "2012.12.17"]
[Round "5"]
[White "mongmong"]
[Black "cityprosecutor"]
[Result "0-1"]
[WhiteElo "1646"]
[BlackElo "1773"]
[Opening "Old Benoni defense"]
[ECO "A43"]
[Time "20:03:30"]
[TimeControl "2700+45"]

1. d4 c5 2. d5 g6 3. e4 d6 4. Nf3 Nf6 5. Nc3 Bg7 6. Bb5+ Nbd7 7. a4 a6 8. Be2
Qa5 9. Bd2 O-O 10. O-O Ng4 11. Ne1 Ngf6 12. Nf3 Qb6 13. Rb1 Ne8 14. b3 Ne5 15.
Nxe5 Bxe5 16. f4 Bd4+ 17. Kh1 Nf6 18. Bf3 Nd7 19. Ne2 Bg7 20. Bc3 f5 21. Bxg7
Kxg7 22. exf5 Rxf5 23. Bg4 Rf8 24. Be6 Nf6 25. Bxc8 Raxc8 26. c4 Qd8 27. Qd3 Qd7
28. Rf3 Rf7 29. Rbf1 Rcf8 30. Ng3 Kg8 31. f5 g5 32. Ne4 h6 33. Nxf6+ Rxf6 34. g4
Qe8 35. Rh3 Qf7 36. Rhf3 Kg7 37. Qe3 Qe8 38. Qc3 Qd8 39. Re1 Kf7 40. Rfe3 Re8
41. Re6 Kf8 42. Qe3 Kf7 43. Rxf6+ exf6 44. Qxe8+ Qxe8 45. Rxe8 Kxe8 46. Kg2 Kd7
47. a5 Kc7 48. Kf3 b6 49. axb6+ Kxb6 50. Ke3 Ka5 51. Kd3 Kb4 52. Kc2 Ka3 53. Kc3
Ka2 54. Kc2 a5 55. Kc3 Kb1 56. h3 Kc1 57. b4 axb4+ 58. Kb3 {White resigns} 0-1

[Event "Team 45 45 League T55"]
[Site "Internet Chess Club"]
[Date "2012.12.16"]
[Round "5"]
[White "AVEMARIA"]
[Black "ElMarginal"]
[Result "0-1"]
[WhiteElo "1683"]
[BlackElo "1483"]
[Opening "Scandinavian (center counter) defense"]
[ECO "B01"]
[Time "18:03:35"]
[TimeControl "2700+45"]

1. e4 d5 2. exd5 Qxd5 3. Nc3 Qa5 4. d4 Nf6 5. Bd3 Bg4 6. f3 Bh5 7. Ne2 Bg6 8.
O-O e6 9. Ne4 Nbd7 10. Bd2 Qb6 11. Rb1 Be7 12. Be3 Nd5 13. Bf2 Qc6 14. c3 O-O
15. Qd2 N7f6 16. N2g3 a6 17. Rfe1 b5 18. Nxf6+ Nxf6 19. Ne4 Nxe4 20. Bxe4 Bxe4
21. fxe4 Rfe8 22. Qd3 Rad8 23. Rbc1 Bg5 24. Be3 Bf6 25. Qb1 Qc4 26. b3 Qc6 27.
Red1 Qb7 28. c4 c6 29. cxb5 cxb5 30. Qd3 Bxd4 31. Bxd4 e5 32. Qc2 exd4 33. Qe2
{White resigns} 0-1

[Event "Team 45 45 League T55"]
[Site "Internet Chess Club"]
[Date "2012.12.17"]
[Round "5"]
[White "laotse"]
[Black "tryanything"]
[Result "1/2-1/2"]
[WhiteElo "1422"]
[BlackElo "1554"]
[Opening "Two knights defense (Modern bishop's opening)"]
[ECO "C55"]
[Time "03:58:45"]
[TimeControl "2700+45"]

1. e4 e5 2. Nf3 Nc6 3. Bc4 Nf6 4. d3 Be7 5. c3 O-O 6. Bb3 d5 7. Bc2 dxe4 8. dxe4
Qxd1+ 9. Kxd1 Bg4 10. Ke2 Rad8 11. Nd2 b5 12. a4 b4 13. Re1 bxc3 14. bxc3 Nh5
15. Kf1 Nf4 16. Nc4 Bxf3 17. gxf3 Nd3 18. Rd1 Nxc1 19. Raxc1 f6 20. Ne3 Rxd1+
21. Rxd1 Rd8 22. Rxd8+ Nxd8 23. Nd5 Bd6 24. Ke2 Kf8 25. Bb3 Ne6 26. Ke3 Bc5+ 27.
Ke2 Nf4+ 28. Nxf4 exf4 29. Bd5 g5 30. Be6 Ke7 31. Bb3 h6 32. Bd5 a5 33. Bb3 h5
34. Kf1 h4 35. h3 Kd6 36. Ke2 Ba3 37. Kd3 Bc5 38. Ke2 Ke5 39. Bc2 Ba3 40. Kd2
Bc5 {Game drawn by mutual agreement} 1/2-1/2

[Event "Team 45 45 League T55"]
[Site "Internet Chess Club"]
[Date "2012.12.17"]
[Round "5"]
[White "minke"]
[Black "room-matt"]
[Result "1-0"]
[WhiteElo "1907"]
[BlackElo "1775"]
[Opening "Giuoco Piano: Möller (Therkatz) attack"]
[ECO "C54"]
[Time "00:37:22"]
[TimeControl "2700+45"]

1. e4 e5 2. Nf3 Nc6 3. Bc4 Bc5 4. c3 Nf6 5. d4 exd4 6. cxd4 Bb4+ 7. Nc3 Nxe4 8.
O-O Bxc3 9. d5 Bf6 10. Re1 Ne7 11. Rxe4 d6 12. Bg5 Bxg5 13. Nxg5 h6 14. Qe2 Bf5
15. Re3 hxg5 16. Re1 Kf8 17. Rxe7 Be6 18. Rxe6 fxe6 19. dxe6 Qf6 20. Bb3 c6 21.
Qd2 d5 22. e7+ Ke8 23. Qb4 b6 24. Re3 Rh4 25. Qe1 Qd6 26. g3 Rh6 27. Qc3 Qf6 28.
Qd3 Rc8 29. Rf3 Qxe7 30. Qf5 Re6 31. Re3 Kd7 32. Rf3 Kd6 33. Rd3 Kc7 34. Kg2 Re5
35. Qg4 Rf8 36. Qa4 Kb7 37. Rc3 Qf6 38. f3 Re2+ 39. Kf1 Rxh2 40. Bxd5 cxd5 41.
Qd7+ Kb8 42. Qc7+ Ka8 43. Qd7 Qd8 44. Qxg7 Rg8 45. Qf7 Rf8 46. Qg7 d4 47. Rc7
Kb8 48. Rb7+ Kc8 49. Rxa7 Rxf3+ 50. Kg1 Rg2+ 51. Kxg2 {Black resigns} 1-0

[Event "Team 45 45 League T55"]
[Site "Internet Chess Club"]
[Date "2012.12.17"]
[Round "5"]
[White "Goli"]
[Black "JustinL"]
[Result "1/2-1/2"]
[WhiteElo "1855"]
[BlackElo "1785"]
[Opening "French: exchange variation"]
[ECO "C01"]
[Time "17:00:17"]
[TimeControl "2700+45"]

1. e4 e6 2. d4 d5 3. exd5 exd5 4. Bd3 Nf6 5. Ne2 Be7 6. Nbc3 O-O 7. Bg5 c6 8.
Qd2 Bg4 9. f3 Bh5 10. O-O-O Nbd7 11. Rde1 Re8 12. g4 Bg6 13. Bxg6 fxg6 14. Nf4
Nf8 15. Ne6 Nxe6 16. Rxe6 Qd7 17. Re2 h6 18. Bf4 Bb4 19. Be5 Bxc3 20. Qxc3 Qf7
21. Rhe1 Re6 22. Bxf6 Rxe2 23. Rxe2 Qxf6 24. Qe3 Rf8 25. Rf2 g5 26. c3 Qf7 27.
Kd1 Re8 28. Qd3 Qf4 29. Re2 Rxe2 30. Qxe2 Kf7 31. Kc2 g6 32. Kd1 h5 33. h3 a5
34. a4 Qg3 35. Qf1 Qh2 36. Kc1 Qf4+ 37. Kd1 Qg3 38. Kc2 Qh2+ 39. Kc1 Qd6 40. Qe2
Qc7 41. Kc2 Qe7 42. Qxe7+ Kxe7 43. Kd3 Kd6 44. c4 b6 45. b3 Ke6 46. Kc3 h4 47.
Kd3 c5 48. dxc5 bxc5 49. cxd5+ Kxd5 50. Kc3 Kd6 51. Kc4 Kc6 52. Kc3 Kd5 53. Kd3
Kd6 54. Ke4 Ke6 {Game drawn by mutual agreement} 1/2-1/2

[Event "Team 45 45 League T55"]
[Site "Internet Chess Club"]
[Date "2012.12.17"]
[Round "5"]
[White "Schack"]
[Black "tsia68"]
[Result "1-0"]
[WhiteElo "1716"]
[BlackElo "1825"]
[Opening "Pirc: classical system, 5.Be2"]
[ECO "B08"]
[Time "15:01:28"]
[TimeControl "2700+45"]

1. e4 d6 2. d4 Nf6 3. Nc3 g6 4. Nf3 Bg7 5. Be2 O-O 6. O-O c6 7. Bf4 Nbd7 8. e5
Nh5 9. Bd2 Bh8 10. Re1 Ng7 11. Bc4 d5 12. Bd3 Ne6 13. h4 Re8 14. h5 Ndf8 15. Ne2
c5 16. c3 c4 17. Bc2 Ng7 18. hxg6 hxg6 19. Nh2 Bf5 20. g4 Bxc2 21. Qxc2 Qd7 22.
f4 f5 23. Ng3 fxg4 24. e6 Ngxe6 25. Nxg4 Ng7 26. Nh6+ Kh7 27. f5 Nxf5 28. Ngxf5
gxf5 29. Nxf5 Ng6 30. Kg2 e5 31. Rh1+ Kg8 32. Nh6+ Kg7 33. Raf1 Rf8 34. Nf5+ Kg8
35. Rh6 Nf4+ 36. Bxf4 Qxf5 37. Rxh8+ Kxh8 38. Bxe5+ {Black resigns} 1-0

[Event "Team 45 45 League T55"]
[Site "Internet Chess Club"]
[Date "2012.12.18"]
[Round "5"]
[White "Ayensa80"]
[Black "clarinetref"]
[Result "1-0"]
[WhiteElo "1716"]
[BlackElo "1675"]
[Opening "QGA, 4.e3"]
[ECO "D25"]
[Time "10:12:51"]
[TimeControl "2700+45"]

1. d4 d5 2. Nf3 Nf6 3. c4 dxc4 4. e3 a6 5. Bxc4 e6 6. O-O b5 7. Bd3 Bb7 8. Qe2
Nbd7 9. a4 b4 10. e4 Be7 11. Nbd2 c5 12. e5 Nd5 13. Nc4 Qc7 14. Bg5 Bxg5 15.
Nxg5 Nf4 16. Qd2 Nxd3 17. Qxd3 cxd4 18. Nd6+ Ke7 19. Ngxf7 Nxe5 20. Nxe5 Qxd6
21. Qg3 g6 22. Qh4+ Ke8 23. Nxg6 Kd7 24. Nxh8 Rxh8 25. Rfd1 e5 26. Qg4+ Kd8 27.
Qg7 Qg6 28. Qxb7 Rg8 29. Rac1 Qg4 30. Qd5+ Ke7 31. Qxe5+ {Black resigns} 1-0

[Event "Team 45 45 League T55"]
[Site "Internet Chess Club"]
[Date "2012.12.18"]
[Round "5"]
[White "lacibacsi"]
[Black "mmf00"]
[Result "1-0"]
[WhiteElo "2049"]
[BlackElo "2018"]
[Opening "Alekhine's defense: exchange variation"]
[ECO "B03"]
[Time "16:03:21"]
[TimeControl "2700+45"]

1. e4 Nf6 2. e5 Nd5 3. d4 d6 4. c4 Nb6 5. exd6 exd6 6. Nc3 Be7 7. Be2 O-O 8. Be3
Nc6 9. Qd2 Bf5 10. Nf3 Bf6 11. O-O Bg4 12. b3 d5 13. c5 Nc8 14. Rfe1 h6 15. Ne5
Bxe2 16. Nxc6 bxc6 17. Nxe2 Ne7 18. Ng3 Ng6 19. Re2 Re8 20. Rae1 Be7 21. Bxh6
Qd7 22. Bxg7 Kxg7 23. Nh5+ Kh7 24. Rxe7 Qxe7 25. Rxe7 Rxe7 26. Nf6+ Kg7 27. Ng4
Rh8 28. g3 Rh5 29. f4 f5 30. Ne5 Nxe5 31. fxe5 Kg6 32. h4 Kf7 33. Qf4 Ke6 34.
Kf2 Rg7 35. Qf3 Rh8 36. Qd3 Rhg8 37. Qa6 f4 38. Qxc6+ Kf5 39. Qf6+ Kg4 40. Qe6+
Kh5 41. Qf5+ Kh6 42. Qxf4+ Kh7 43. Kf3 Kg6 44. e6 Kh7 45. g4 Re8 46. Qf5+ Kg8
47. Qxd5 Rge7 48. Qg5+ Rg7 49. Qe5 c6 50. h5 Rge7 51. h6 Kh7 52. g5 Kg6 53. Kg4
Kh7 54. Kh5 Kg8 55. g6 Rf8 56. h7+ Rxh7+ 57. gxh7+ Kxh7 58. Qc7+ Kg8 59. Kg6
Rf6+ 60. Kxf6 {Black resigns} 1-0

[Event "Team 45 45 League T55"]
[Site "Internet Chess Club"]
[Date "2012.12.16"]
[Round "5"]
[White "hondocando"]
[Black "rook9999"]
[Result "1-0"]
[WhiteElo "1642"]
[BlackElo "1901"]
[Opening "Sicilian: closed"]
[ECO "B23"]
[Time "09:02:07"]
[TimeControl "2700+45"]

1. e4 c5 2. Nc3 e6 3. f4 a6 4. Nf3 Nc6 5. a4 Qc7 6. d4 cxd4 7. Nxd4 Bb4 8. Bc4
Na5 9. Ne2 Nxc4 10. Qd4 Bc5 11. Qxg7 Bf8 12. Qxh8 Ne7 13. Qxh7 Qc5 14. Qh8 Ne3
15. Bxe3 Qxe3 16. Qd4 Qxd4 17. Nxd4 Ng6 18. g3 b6 19. O-O-O Bb7 20. h4 Bb4 21.
h5 Nh8 22. Rhe1 Ke7 23. g4 Rc8 24. Rd3 Kf6 25. g5+ Kg7 26. Nf3 f5 27. exf5 Bxc3
28. bxc3 {Black resigns} 1-0